TOP OF THE 1ST |
San Francisco Bandits batting - Pitching for Orlando Calrissian : RHP Dema Mitenkov
|
Pitching: RHP Dema Mitenkov
|
|
Batting: RHB Pete Rideout
|
0-0: Fly out, F5 (Line Drive, 5S)
|
Batting: LHB John Peterson
|
0-0: Called Strike 0-1: Ball 1-1: Foul Ball, location: 2F 1-2: Ball 2-2: Fly out, F9 (Flyball, 89M)
|
Batting: RHB Michael Elliott
|
0-0: Ball 1-0: Ball 2-0: Foul Ball, location: 2F 2-1: Called Strike 2-2: Ball 3-2: Strikes out swinging
|
Top of the 1st over - 0 run(s), 0 hit(s), 0 error(s), 0 left on base; San Francisco 0 - Orlando 0 |
BOTTOM OF THE 1ST |
Orlando Calrissian batting - Pitching for San Francisco Bandits : RHP Álex Rodríguez
|
Pitching: RHP Álex Rodríguez
|
|
Batting: LHB Danny Allen
|
0-0: TRIPLE (Flyball, 78D)
|
Batting: LHB Leo Wyeth
|
0-0: Ball 1-0: Ball 2-0: Ball 3-0: Base on Balls
|
Batting: LHB Santiago Márquez
|
0-0: Ball 1-0: Foul Ball, location: 2F 1-1: Foul Ball, location: 2F 1-2: SINGLE (Flyball, 78S) Danny Allen scores Leo Wyeth to second
|
Batting: RHB Jorge Rodríguez
|
0-0: Called Strike 0-1: Grounds into double play, 1-6-3 (Groundball, 15) Leo Wyeth to third
|
Batting: SHB Mark Simmons
|
0-0: Foul Ball, location: 2F 0-1: SINGLE (Groundball, 6MD) Leo Wyeth scores
|
Batting: LHB Rubén Díaz
|
0-0: Ball 1-0: Ball 2-0: Foul Ball, location: 2F 2-1: Foul Ball, location: 2F 2-2: Strikes out looking
|
Bottom of the 1st over - 2 run(s), 3 hit(s), 0 error(s), 1 left on base; San Francisco 0 - Orlando 2 |
TOP OF THE 2ND |
San Francisco Bandits batting - Pitching for Orlando Calrissian : RHP Dema Mitenkov
|
Batting: RHB Cory Foster
|
0-0: Ball 1-0: Ball 2-0: Swinging Strike 2-1: Foul Ball, location: 2F 2-2: Ball 3-2: Strikes out looking
|
Batting: LHB Francisco Calderón
|
0-0: Ball 1-0: Ball 2-0: Foul Ball, location: 2F 2-1: Ball 3-1: Foul Ball, location: 2F 3-2: Foul Ball, location: 2F 3-2: Base on Balls
|
Batting: LHB Germán Rivas
|
0-0: Ball 1-0: Foul Ball, location: 2F 1-1: Ball 2-1: Foul Ball, location: 2F 2-2: Strikes out swinging
|
Batting: SHB Vicente Ricks
|
0-0: Ball 1-0: Foul Ball, location: 2F 1-1: Fielders Choice at 2nd, 6-4 (Groundball, 6)
|
Top of the 2nd over - 0 run(s), 0 hit(s), 0 error(s), 0 left on base; San Francisco 0 - Orlando 2 |
BOTTOM OF THE 2ND |
Orlando Calrissian batting - Pitching for San Francisco Bandits : RHP Álex Rodríguez
|
Batting: LHB Bryan Foster
|
0-0: Foul Ball, location: 2F 0-1: Ground out 1-3 (Groundball, 13S)
|
Batting: SHB Tim Abbott
|
0-0: Called Strike 0-1: Fly out, F7 (Flyball, 78D)
|
Batting: RHB Eugene Gill
|
0-0: Ball 1-0: Called Strike 1-1: Foul Ball, location: 2F 1-2: Strikes out looking
|
Bottom of the 2nd over - 0 run(s), 0 hit(s), 0 error(s), 0 left on base; San Francisco 0 - Orlando 2 |
TOP OF THE 3RD |
San Francisco Bandits batting - Pitching for Orlando Calrissian : RHP Dema Mitenkov
|
Batting: RHB Susumu Sugiyama
|
0-0: Ball 1-0: Ball 2-0: SINGLE (Groundball, 56D)
|
Batting: RHB Jorge Díaz
|
0-0: Ball 1-0: Foul Ball, location: 2F 1-1: Called Strike 1-2: Hit by Pitch Susumu Sugiyama to second
|
Batting: RHB Pete Rideout
|
0-0: SINGLE (Groundball, 56D) Susumu Sugiyama to third Jorge Díaz to second Runner from 3rd tries for Home, SAFE, throw made home Jorge Díaz to third Pete Rideout to second
|
Batting: LHB John Peterson
|
0-0: Called Strike 0-1: Ground out 4-3 (Groundball, 13) Jorge Díaz scores Pete Rideout to third
|
Batting: RHB Michael Elliott
|
0-0: SINGLE (Groundball, 4MD) Pete Rideout scores
|
Batting: RHB Cory Foster
|
0-0: Ball 1-0: Ball 2-0: Ball 3-0: Base on Balls Michael Elliott to second
|
Batting: LHB Francisco Calderón
|
0-0: Called Strike 0-1: Ball 1-1: Foul Ball, location: 2F 1-2: Ball 2-2: Foul Ball, location: 2F 2-2: Foul Ball, location: 2F 2-2: Fielders Choice at 2nd, 3-6 (Groundball, 34) Michael Elliott to third
|
Batting: LHB Germán Rivas
|
0-0: Called Strike 0-1: Ball 1-1: Ball 2-1: Swinging Strike 2-2: Strikes out swinging
|
Top of the 3rd over - 3 run(s), 3 hit(s), 0 error(s), 2 left on base; San Francisco 3 - Orlando 2 |
BOTTOM OF THE 3RD |
Orlando Calrissian batting - Pitching for San Francisco Bandits : RHP Álex Rodríguez
|
Batting: LHB Danny Allen
|
0-0: Called Strike 0-1: Ball 1-1: Ball 2-1: Foul Ball, location: 2F 2-2: Ball 3-2: Foul Ball, location: 2F 3-2: Foul Ball, location: 2F 3-2: Fly out, F7 (Flyball, 7S)
|
Batting: LHB Leo Wyeth
|
0-0: Ball 1-0: Ball 2-0: Foul Ball, location: 2F 2-1: Foul Ball, location: 2F 2-2: Fly out, F3 (Popup, 4MS)
|
Batting: LHB Santiago Márquez
|
0-0: Ball 1-0: Ground out 4-3 (Groundball, 4)
|
Bottom of the 3rd over - 0 run(s), 0 hit(s), 0 error(s), 0 left on base; San Francisco 3 - Orlando 2 |
TOP OF THE 4TH |
San Francisco Bandits batting - Pitching for Orlando Calrissian : RHP Dema Mitenkov
|
Batting: SHB Vicente Ricks
|
0-0: Called Strike 0-1: Foul Ball, location: 2F 0-2: Ball 1-2: Strikes out swinging
|
Batting: RHB Susumu Sugiyama
|
0-0: Ball 1-0: Ball 2-0: SINGLE (Groundball, 34)
|
Batting: RHB Jorge Díaz
|
0-0: Ball 1-0: Foul Ball, location: 2F 1-1: Fly out, F8 (Flyball, 8LS)
|
Batting: RHB Pete Rideout
|
0-0: Called Strike 0-1: Foul Ball, location: 2F 0-2: Ball 1-2: Ball 2-2: Ball 3-2: Ground out 6-3 (Groundball, 6M)
|
Top of the 4th over - 0 run(s), 1 hit(s), 0 error(s), 1 left on base; San Francisco 3 - Orlando 2 |
BOTTOM OF THE 4TH |
Orlando Calrissian batting - Pitching for San Francisco Bandits : RHP Álex Rodríguez
|
Batting: RHB Jorge Rodríguez
|
0-0: Ball 1-0: SOLO HOME RUN (Flyball, 7D), Distance : 395 ft
|
Batting: SHB Mark Simmons
|
0-0: Swinging Strike Reached via error on a dropped throw, E3
|
Batting: LHB Rubén Díaz
|
0-0: Foul Ball, location: 2F 0-1: Grounds into double play, 5-4-3 (Groundball, 56)
|
Batting: LHB Bryan Foster
|
0-0: Ball 1-0: Foul Ball, location: 2F 1-1: SINGLE (Line Drive, 8RS)
|
Batting: SHB Tim Abbott
|
0-0: Ground out U3 (Groundball, 3)
|
Bottom of the 4th over - 1 run(s), 2 hit(s), 1 error(s), 1 left on base; San Francisco 3 - Orlando 3 |
TOP OF THE 5TH |
San Francisco Bandits batting - Pitching for Orlando Calrissian : RHP Dema Mitenkov
|
Batting: LHB John Peterson
|
0-0: Ground out 3-1 (Groundball, 34)
|
Batting: RHB Michael Elliott
|
0-0: Ball 1-0: Ground out 1-3 (Groundball, 15)
|
Batting: RHB Cory Foster
|
0-0: Called Strike 0-1: Ball 1-1: Swinging Strike 1-2: Ball 2-2: Foul Ball, location: 2F 2-2: Ball 3-2: SINGLE (Line Drive, 56D)
|
Batting: LHB Francisco Calderón
|
0-0: Called Strike 0-1: SINGLE (Groundball, 5D) Cory Foster to second
|
Batting: LHB Germán Rivas
|
0-0: Ball 1-0: Foul Ball, location: 2F 1-1: Foul Ball, location: 2F 1-2: Ground out U3 (Groundball, 3S)
|
Top of the 5th over - 0 run(s), 2 hit(s), 0 error(s), 2 left on base; San Francisco 3 - Orlando 3 |
BOTTOM OF THE 5TH |
Orlando Calrissian batting - Pitching for San Francisco Bandits : RHP Álex Rodríguez
|
Batting: RHB Eugene Gill
|
0-0: Ball 1-0: Ball 2-0: Ball 3-0: Base on Balls
|
Batting: LHB Danny Allen
|
0-0: Ball 1-0: Foul Ball, location: 2F 1-1: Foul Ball, location: 2F 1-2: Grounds into double play, 4-6-3 (Groundball, 4)
|
Batting: LHB Leo Wyeth
|
0-0: Ball 1-0: Ball 2-0: Ball 3-0: Called Strike 3-1: SINGLE (Groundball, 4MD)
|
Batting: LHB Santiago Márquez
|
0-0: Ball 1-0: Ground out 1-3 (Groundball, 23)
|
Bottom of the 5th over - 0 run(s), 1 hit(s), 0 error(s), 1 left on base; San Francisco 3 - Orlando 3 |
TOP OF THE 6TH |
San Francisco Bandits batting - Pitching for Orlando Calrissian : RHP Dema Mitenkov
|
Batting: SHB Vicente Ricks
|
0-0: Ground out 4-3 (Groundball, 4)
|
Batting: RHB Susumu Sugiyama
|
0-0: Ball 1-0: Called Strike 1-1: SINGLE (Groundball, 6MD) (infield hit)
|
Batting: RHB Jorge Díaz
|
0-0: Called Strike Susumu Sugiyama steals 2nd base 0-1: Ground out 5-3 (Groundball, 15S) Susumu Sugiyama to third
|
Batting: RHB Pete Rideout
|
0-0: Ground out 1-3 (Groundball, 13)
|
Top of the 6th over - 0 run(s), 1 hit(s), 0 error(s), 1 left on base; San Francisco 3 - Orlando 3 |
BOTTOM OF THE 6TH |
Orlando Calrissian batting - Pitching for San Francisco Bandits : RHP Álex Rodríguez
|
Batting: RHB Jorge Rodríguez
|
0-0: Called Strike 0-1: Ball 1-1: SINGLE (Groundball, 15S) (infield hit)
|
Batting: SHB Mark Simmons
|
0-0: SINGLE (Groundball, 56) Jorge Rodríguez to second
|
Batting: LHB Rubén Díaz
|
0-0: Ball 1-0: Ball 2-0: Called Strike 2-1: Foul Ball, location: 2F 2-2: Ball 3-2: Strikes out looking
|
Batting: LHB Bryan Foster
|
0-0: Foul Ball, location: 2F 0-1: Fielders Choice at 2nd, 4-6 (Groundball, 34) Jorge Rodríguez to third
|
Batting: SHB Tim Abbott
|
0-0: Ball 1-0: Called Strike 1-1: Ball 2-1: Foul Ball, location: 2F 2-2: Fly out, F4 (Line Drive, 4)
|
Bottom of the 6th over - 0 run(s), 2 hit(s), 0 error(s), 2 left on base; San Francisco 3 - Orlando 3 |
TOP OF THE 7TH |
San Francisco Bandits batting - Pitching for Orlando Calrissian : RHP Dema Mitenkov
|
Batting: LHB John Peterson
|
0-0: Ball 1-0: Called Strike 1-1: Ball 2-1: Ball 3-1: Called Strike 3-2: Ground out 6-3 (Groundball, 6)
|
Pinch Hitting: LHB Charles-Antoine Champagne
|
0-0: Ball 1-0: Foul Ball, location: 2F 1-1: Foul Ball, location: 2F 1-2: Foul Ball, location: 2F 1-2: Ball 2-2: Ball 3-2: Ground out 5-3 (Groundball, 56S)
|
Batting: RHB Cory Foster
|
0-0: Called Strike 0-1: Swinging Strike 0-2: Ball 1-2: SOLO HOME RUN (Flyball, 78XD), Distance : 416 ft
|
Batting: LHB Francisco Calderón
|
0-0: Ball 1-0: Ball 2-0: Ball 3-0: Called Strike 3-1: Swinging Strike 3-2: Foul Ball, location: 2F 3-2: Base on Balls
|
Pitching: LHP Mark Murchison
|
|
Batting: LHB Germán Rivas
|
0-0: Ball Francisco Calderón steals 2nd base 1-0: Fly out, F3 (Popup, 3F)
|
Top of the 7th over - 1 run(s), 1 hit(s), 0 error(s), 1 left on base; San Francisco 4 - Orlando 3 |
BOTTOM OF THE 7TH |
Orlando Calrissian batting - Pitching for San Francisco Bandits : RHP Álex Rodríguez
|
Pitching: RHP José Rivera
|
|
Now in RF: Charles-Antoine Champagne
|
|
Batting: RHB Eugene Gill
|
0-0: Swinging Strike 0-1: Called Strike 0-2: Ball 1-2: Ball 2-2: Ground out 5-3 (Groundball, 56)
|
Batting: LHB Danny Allen
|
0-0: Ball 1-0: SINGLE (Line Drive, 89S)
|
Batting: LHB Leo Wyeth
|
0-0: Ball 1-0: Called Strike 1-1: Ball 2-1: Called Strike 2-2: Ball 3-2: Foul Ball, location: 2F 3-2: Base on Balls Danny Allen to second
|
Batting: LHB Santiago Márquez
|
0-0: Foul Ball, location: 2F 0-1: SINGLE (Groundball, 34S) Danny Allen to third Leo Wyeth to second Runner from 3rd tries for Home, SAFE, no throw or cutoff
|
Batting: RHB Jorge Rodríguez
|
0-0: Ball 1-0: Called Strike 1-1: Called Strike 1-2: Grounds into double play, U6-3 (Groundball, 6M)
|
Bottom of the 7th over - 1 run(s), 2 hit(s), 0 error(s), 1 left on base; San Francisco 4 - Orlando 4 |
TOP OF THE 8TH |
San Francisco Bandits batting - Pitching for Orlando Calrissian : LHP Mark Murchison
|
Batting: SHB Vicente Ricks
|
0-0: Called Strike 0-1: Foul Ball, location: 2F 0-2: Ball 1-2: Strikes out looking
|
Batting: RHB Susumu Sugiyama
|
0-0: Called Strike 0-1: Ball 1-1: Ball 2-1: Called Strike 2-2: Foul Ball, location: 2F 2-2: Fly out, F3 (Line Drive, 34)
|
Batting: RHB Jorge Díaz
|
0-0: Swinging Strike 0-1: Ball 1-1: Foul Ball, location: 2F 1-2: Foul Ball, location: 2F 1-2: Ball 2-2: Ball 3-2: DOUBLE (Line Drive, 7LS)
|
Pinch Hitting: RHB Ramón Ruíz
|
0-0: Called Strike 0-1: Ball 1-1: Ball 2-1: Ground out 4-3 (Groundball, 4)
|
Top of the 8th over - 0 run(s), 1 hit(s), 0 error(s), 1 left on base; San Francisco 4 - Orlando 4 |
BOTTOM OF THE 8TH |
Orlando Calrissian batting - Pitching for San Francisco Bandits : RHP José Rivera
|
Now at 2B: Culley Douglas
|
|
Batting: SHB Mark Simmons
|
0-0: Ball 1-0: DOUBLE (Flyball, 9D)
|
Pinch Hitting: LHB Tom Mullins
|
0-0: Intentional Walk
|
Pinch Runner at 2nd Juan Aquino:
|
|
Batting: LHB Bryan Foster
|
0-0: Called Strike 0-1: Foul Ball, location: 2F 0-2: Strikes out swinging
|
Batting: SHB Tim Abbott
|
0-0: Ball 1-0: Fly out, F8 (Popup, 6MD)
|
Batting: RHB Eugene Gill
|
0-0: SINGLE (Groundball, 5L) Juan Aquino to third Tom Mullins to second Runner from 3rd tries for Home, SAFE, no throw or cutoff
|
Pitching: RHP Carlos Ruíz
|
|
Batting: LHB Danny Allen
|
0-0: Called Strike 0-1: Ball 1-1: Called Strike 1-2: Ball 2-2: Ball 3-2: Base on Balls Tom Mullins to third Eugene Gill to second
|
Batting: LHB Leo Wyeth
|
0-0: Ball 1-0: DOUBLE (Line Drive, 3L) Tom Mullins scores Eugene Gill scores Danny Allen to third Runner from 3rd tries for Home, SAFE, no throw or cutoff
|
Batting: LHB Santiago Márquez
|
0-0: Intentional Walk
|
Batting: RHB Jorge Rodríguez
|
0-0: Ball 1-0: Called Strike 1-1: Called Strike 1-2: Ball 2-2: SINGLE (Line Drive, 56) Leo Wyeth to third Santiago Márquez to second Runner from 3rd tries for Home, SAFE, throw made home
|
Pitching: RHP Mal Park
|
|
Batting: RHB Juan Aquino
|
0-0: Foul Ball, location: 2F 0-1: Swinging Strike 0-2: Foul Ball, location: 2F 0-2: Ground out 6-3 (Groundball, 6)
|
Bottom of the 8th over - 5 run(s), 4 hit(s), 0 error(s), 2 left on base; San Francisco 4 - Orlando 9 |
TOP OF THE 9TH |
San Francisco Bandits batting - Pitching for Orlando Calrissian : LHP Mark Murchison
|
Pitching: RHP Paco Gutiérrez
|
|
Now at 3B: Tom Mullins
|
|
Batting: LHB John Peterson
|
0-0: Ball 1-0: Swinging Strike 1-1: Ball 2-1: Called Strike 2-2: SINGLE (Line Drive, 89S)
|
Batting: LHB Charles-Antoine Champagne
|
0-0: Called Strike 0-1: Ball 1-1: Ball 2-1: Fielders Choice at 2nd, 5-4 (Groundball, 5)
|
Batting: RHB Cory Foster
|
0-0: Foul Ball, location: 2F 0-1: Ball 1-1: Foul Ball, location: 2F 1-2: Fielders Choice at 2nd, 6-4 (Groundball, 6M)
|
Pitching: RHP Tony Rocha
|
|
Batting: LHB Francisco Calderón
|
0-0: Called Strike 0-1: Ball 1-1: SINGLE (Line Drive, 6D) Cory Foster to second
|
Batting: LHB Germán Rivas
|
0-0: Ball 1-0: Ball 2-0: Foul Ball, location: 2F 2-1: Ball 3-1: Swinging Strike 3-2: Fly out, F8 (Line Drive, 8RD)
|
Top of the 9th over - 0 run(s), 2 hit(s), 0 error(s), 2 left on base; San Francisco 4 - Orlando 9 |
|